AoeStats
← chemeball

Nomad

507854634Analyzed
4v4 RM · 13d ago on Sep 19, 2026· 23m 13s· 8 players
Game mode
Random Map
Map size
231×231
Population
200
Speed
Normal
Resources
Standard
Victory
Conquest
Starting age
Dark Age
Ending age
Imperial Age
RankedLock teamsTeams togetherTeam positionsShared explorationLock speedFull tech treeHidden civsTurbo modeCheats
Victory
Defeat
🇦🇷 Spanish · Argentina
1492
+8
🇨🇴 Vikings · Colombia
1433
+10
🇦🇷 Koreans · Argentina
1394
+11
🇲🇽 Celts · Mexico
1284
+14
🇫🇷 Spanish · France
1303
-12
🇺🇸 Burgundians · United States
1286
-11
🇺🇸 Japanese · United States
1266
-10
🇺🇸 Slavs · United States
1266
-10
Lord Elendil
5:30 Loom
12:21 Feudal Age
14:06 Double-Bit Axe
15:56 Wheelbarrow
18:54 Castle Age
19:59 Medium Warships
20:34 Horse Collar
22:37 Pikeman
ImPerez22
9:20 Loom
13:38 Feudal Age
14:05 Town Watch
17:45 Castle Age
16:14 Fishing Lines
16:52 Double-Bit Axe
19:47 Medium Warships
Candy Man
4:46 Loom
13:09 Feudal Age
22:56 Castle Age
21:14 Fletching
Cazaputas42
5:22 Loom
12:39 Feudal Age
16:23 Castle Age
16:11 Padded Archer Armor
17:21 Leather Archer Armor
21:48 Double-Bit Axe
23:14 Bow Saw
22:45 Horse Collar
twitch.tv/WatzTheDeal
5:03 Loom
13:05 Feudal Age
14:08 Double-Bit Axe
chemeball
5:12 Loom
12:58 Double-Bit Axe
15:51 Feudal Age
14:32 Fishing Lines
17:31 Gold Mining
20:06 Castle Age
19:01 Bow Saw
20:19 Scale Barding Armor
20:26 Forging
21:14 Horse Collar
21:57 Heavy Plow
22:36 Gillnets
Nocnamania
3:04 Loom
14:45 Feudal Age
15:24 Man-at-Arms
17:30 Horse Collar
nonoleboss
5:09 Loom
14:37 Feudal Age
18:26 Castle Age
Connection lost

Rejoining the realm…

Still unreachable

The connection could not be restored.

Session expired

The server has moved on; the page needs a fresh start.